 Dungeon Crawl Stone Soup version 0.31-a0-1204-ge2c1a860ed (webtiles) character file.

Game seed: 11652681648011328973

1 cdudytooty the Chopper (level 1, -1/18 HPs)
             Began as a Human Berserker on Dec 12, 2023.
             Was a Follower of Trog.
             Slain by a hobgoblin (5 damage)
             ... on level 1 of the Dungeon.
             The game lasted 00:01:29 (101 turns).

cdudytooty the Chopper (Human Berserker)             Turns: 101, Time: 00:01:29

Health: -1/18      AC:  2    Str: 17    XL:     1   Next: 22%
Magic:  1/1        EV: 12    Int:  7    God:    Trog [*.....]
Gold:   0          SH:  0    Dex: 12    Spells: 0/0 levels left

rFire   . . .        a - +0 hand axe
rCold   . . .        (no shield)
rNeg    . . .        b - +0 robe
rPois   .            (no helmet)
rElec   .            (no cloak)
rCorr   .            (no gloves)
SInv    .            (no boots)
Will    .....        (no amulet)
Stlth   +            (no ring)
HPRegen 0.23/turn    (no ring)
MPRegen 0.07/turn

%: no passive effects
@: no status effects
A: no striking features
a: Renounce Religion, Berserk


You were on level 1 of the Dungeon.
You worshipped Trog.
Trog was aware of your devotion.
You visited 1 branch of the dungeon, and saw 1 of its levels.

Inventory:

Hand Weapons
 a - a +0 hand axe (weapon)
Armour
 b - a +0 robe (worn)
 i - a +0 animal skin


   Skills:
 + Level 3.0 Fighting
 + Level 3.0 Axes
 + Level 2.0 Armour
 + Level 2.0 Dodging


You couldn't memorise any spells.
You didn't know any spells.
Your spell library was empty.

Dungeon Overview and Level Annotations

Branches:
Dungeon (1/15)

Altars:


Message History

Moving in this stuff is going to be slow.
You enter the shallow water.
Moving in this stuff is going to be slow.
A giant cockroach comes into view.
A hobgoblin and a quokka come into view.
The hobgoblin shouts!
You barely miss the quokka. The quokka barely misses you.
You miss the quokka. The quokka closely misses you.
You barely miss the quokka. The quokka closely misses you.
The quokka misses you.
You barely miss the quokka. The quokka closely misses you.
You slash the quokka!
You kill the quokka!
Trog accepts your kill. The hobgoblin hits you.
You hit the hobgoblin.
The hobgoblin is heavily wounded.
The hobgoblin barely misses you.
You barely miss the hobgoblin.
The hobgoblin is heavily wounded.
The hobgoblin hits you.
The hobgoblin attacks as it pursues you!
The hobgoblin barely misses you.
The hobgoblin attacks as it pursues you!
The hobgoblin hits you.
The hobgoblin attacks as it pursues you!
The hobgoblin hits you but does no damage.
The hobgoblin attacks as it pursues you!
The hobgoblin hits you but does no damage.
The hobgoblin attacks as it pursues you!
The hobgoblin closely misses you. The hobgoblin barely misses you.
The hobgoblin attacks as it pursues you!
The hobgoblin hits you.
* * * LOW HITPOINT WARNING * * *
The hobgoblin hits you.
* * * LOW HITPOINT WARNING * * *
The hobgoblin attacks as it pursues you!
The hobgoblin hits you.
You die...

#.~≈~≈.~≈≈~.# #.#
#.~~~≈.~~~~.## #.#
#.~~~~.~~~~..###.#
####.~~~≈.~~~≈...##.#
#....≈~~~.~~~~.#.##.#
#..#.~≈≈~.~≈≈~.#.##.#
##....~~~~.~~~~.B....#
#..##.P~≈P.P≈~P..#####
#.###.........@g.#
#................#
##################


You could see a giant cockroach and a hobgoblin.

Vanquished Creatures
  A quokka (D:1)
1 creature vanquished.

Notes
Turn   | Place    | Note
-------+----------+-------------------------------------------
     0 | D:1      | cdudytooty the Human Berserker began the quest for the Orb.
     0 | D:1      | Reached XP level 1. HP: 18/18 MP: 1/1
   101 | D:1      | Slain by a hobgoblin

Illustrated notes

Levels and vault maps discovered:
D:1:      giann_bridges, layout_basic, st_stairs_5, kennysheep_decorative_pillar

Action                     || total
---------------------------++-------
  Melee: Hand axe          ||     7
 Armour: Robe              ||     8
  Dodge: Dodged            ||     9

Table legend: (Time is in decaauts)
 A = Elapsed time spent in this place.
 B = Non-inter-level travel time spent in this place.
 C = Inter-level travel time spent in this place.
 D = Time resting spent in this place.
 E = Time spent auto-exploring this place.
 F = Levels seen in this place.
 G = Mean time per level.
                   A        B        C        D        E       F      G
               +--------+--------+--------+--------+--------+-----+--------+
         Total |    103 |    103 |      0 |      0 |      0 |   1 |  103.0 |
       Dungeon |    103 |    103 |      0 |      0 |      0 |   1 |  103.0 |
               +--------+--------+--------+--------+--------+-----+--------+

Top non-repeatable levels by time:
     D:1: 103 daAuts
